 Dungeon Crawl Stone Soup version 0.30-a0-916-g9813417 (webtiles) character file.

Game seed: 2065158606883377583

6805 Dorkslayer the Charlatan (level 11, 0/67 HPs)
             Began as a Gargoyle Fighter on Apr 11, 2023.
             Was an Initiate of Gozag.
             Slain by an orc knight
             ... wielding a +0 war axe
              (12 damage)
             ... in a bailey.
             The game lasted 00:39:06 (7578 turns).

Dorkslayer the Charlatan (Gargoyle Fighter)         Turns: 7578, Time: 00:39:06

Health: 0/67       AC: 25    Str: 19    XL:     11   Next: 5%
Magic:  11/11      EV:  8    Int: 10    God:    Gozag
Gold:   1345       SH:  6    Dex: 13    Spells: 10/10 levels left

rFire   . . .      SeeInvis +    a - +1 war axe
rCold   + . .      Faith    .    c - +0 buckler
rNeg    + . .      Spirit   .    z - +0 plate armour
rPois   ∞          Reflect  .    C - +0 helmet
rElec   +          Rampage  .    i - +0 cloak
rCorr   .                        d - +0 pair of gloves
Will    .....                    (no boots) Stlth
                                 j - amulet of the acrobat
HPRegen 0.31/turn                E - ring of see invisible
MPRegen 0.12/turn                G - ring of protection from cold

@: no status effects
A: sickness immunity, AC +8, negative energy resistance 1, electricity
resistance, torment resistance 1, petrification resistance
a: Renounce Religion, Potion Petition, Call Merchant, Bribe Branch


You were in a bailey.
You worshipped Gozag.
Gozag was most pleased with you.
You visited 2 branches of the dungeon, and saw 10 of its levels.
You also visited: Bailey.

You collected 1430 gold pieces.
You paid 85 gold pieces to Gozag.

Inventory:

Hand Weapons
 a - a +1 war axe (weapon)
Missiles
 m - a datura-tipped dart
 B - a throwing net
 H - 16 boomerangs
 J - a curare-tipped dart (quivered)
Armour
 c - a +0 buckler (worn)
 d - a +0 pair of gloves (worn)
 i - a +0 cloak (worn)
 z - a +0 plate armour (worn)
 C - a +0 helmet (worn)
Jewellery
 j - an amulet of the acrobat (around neck)
 E - a ring of see invisible (left hand)
 G - a ring of protection from cold (right hand)
Wands
 f - a wand of quicksilver (7)
 h - a wand of digging (3)
 l - a wand of flame (15)
 r - a wand of paralysis (11)
Scrolls
 e - 2 scrolls of poison
 g - a scroll of identify
 k - 5 scrolls of blinking
 o - 2 scrolls of immolation
 q - a scroll of vulnerability
 u - 4 scrolls of teleportation
 v - a scroll of amnesia
 y - 3 scrolls of fear
Potions
 b - 2 potions of brilliance
 p - 2 potions of flight
 s - 2 potions of attraction
 t - 4 potions of lignification
 w - 5 potions of curing
 A - 2 potions of ambrosia
 I - 2 potions of mutation {unknown}


   Skills:
 + Level 7.2 Fighting
 + Level 5.7 Axes
 + Level 7.3 Armour
 * Level 6.7 Dodging
 + Level 7.3 Shields
 * Level 7.4 Evocations


You had 10 spell levels left.
You didn't know any spells.
Your spell library contained the following spells:

 Spells                   Type           Power      Damage    Failure   Level
 Blink                    Tloc           0%         N/A       100%        2
 Lesser Beckoning         Tloc           0%         N/A       100%        2
 Momentum Strike          Conj/Tloc      0%         3d8       100%        2
 Poisonous Vapours        Pois/Air       0%         N/A       100%        2
 Mephitic Cloud           Conj/Pois/Air  0%         N/A       100%        3
 Manifold Assault         Tloc           0%         N/A       100%        4
 Storm Form               Tmut/Air       0%         N/A       100%        7
 Cigotuvi's Dreadful Rot  Necr/Pois/Air  Unusable   N/A       N/A         2

Dungeon Overview and Level Annotations

Branches:
Dungeon (9/15)             Temple (1/1) D:4          Bailey (1/1)
   Lair: D:8-11         Orc: D:9-12

Altars:
Ashenzari
Cheibriados
Dithmenos
Elyvilon
Fedhas
Gozag
Hepliaklqana
Kikubaaqudgha
Makhleb
Nemelex Xobeh
Okawaru
Qazlal
Ru
Sif Muna
Trog
Uskayaw
Vehumet
Wu Jian
Xom
Yredelemnul
Zin
The Shining One

Annotations:
D:6 Menkaure
D:9 Grum


Innate Abilities, Weirdness & Mutations

You are immune to sickness and miasma.
Your stone body is resilient. (AC +8)
You are immune to poison.
You resist negative energy. (rN+)
You are resistant to electric shocks. (rElec)
You are resistant to unholy torment.
You are immune to petrification.


Message History

You hit the orc knight but do no damage.
The orc knight is severely wounded.
You hit the kobold brigand. You closely miss the kobold brigand.
You barely miss the kobold brigand. x2
The orc knight is no longer moving slowly.
The kobold brigand barely misses you. x2
The kobold brigand hits you but does no damage.
The kobold brigand barely misses you.
The orc knight hits you but does no damage.
You block the kobold brigand's attack. The kobold brigand barely misses you.
The kobold brigand hits you but does no damage.
You closely miss the orc knight.
The orc knight is severely wounded.
You closely miss the kobold brigand. You miss the kobold brigand.
You slash the kobold brigand! x2
The kobold brigand hits you but does no damage.
You block the orc knight's attack. The kobold brigand barely misses you.
You block the kobold brigand's attack.
The kobold brigand hits you but does no damage.
You hit the orc knight.
The orc knight is severely wounded.
You closely miss the kobold brigand. x2
You hit the kobold brigand but do no damage. x2
You block the kobold brigand's attack.
The orc knight hits you with a +0 war axe.
* * * LOW HITPOINT WARNING * * *
You block the kobold brigand's attack. x2
The kobold brigand barely misses you. The kobold brigand closely misses you.
You barely miss the orc knight.
The orc knight is severely wounded.
You hit the kobold brigand. You closely miss the kobold brigand.
You hit the kobold brigand but do no damage. x2
The orc knight hits you but does no damage.
You block the kobold brigand's attack.
The kobold brigand hits you with a +0 war axe.
* * * LOW HITPOINT WARNING * * *
You block the kobold brigand's attack. The kobold brigand barely misses you.
The orc knight hits you with a +0 war axe!
You die...
Your body crumbles into a pile of gold.

#...# #.).#
####)..####
##~.......~##
#####~~.......~~#####
#....~~.......~~....#
#.###~~.......~~###.#
#....~~.......~~....#
#.###~~...K@K.~~###.#
#....~~...KoK.~~....#
#.###~~.......~~###.#
#....~~....(..~~....#
#.###~~.......~~###.#
#....~~.......~~....#
#####~~.......~~#####
##~....(..~##
####'''####


You could see an orc knight (poisoned) and 4 kobold brigands.

Vanquished Creatures
  2 two-headed ogres
  Maggie (D:7)
  Prince Ribbit (D:7)
  6 yaks (D:8)
  A wyvern (D:7)
  3 vampire mosquitoes (D:8)
  2 wraiths
  2 steam dragons
  2 water moccasins (D:7)
  An orc warrior (D:6)
  An ice beast (D:6)
  2 black bears
  An ogre (D:5)
  A wolf (D:9)
  A phantom (D:6)
  6 kobold brigands
  A scorpion (D:5)
  12 wights
  6 killer bees
  7 howler monkeys
  4 hounds
  2 orc priests (D:9)
  A gnoll bouda (D:7)
  Jessica (D:3)
  2 iguanas
  8 orc wizards
  8 adders
  3 gnolls (D:7)
  A shadow imp (D:8)
  2 ufetubi (D:5)
  2 worms
  3 dart slugs
  17 orcs
  13 ball pythons
  3 bats (D:2)
  6 endoplasms
  3 giant cockroaches
  11 goblins
  7 hobgoblins
  3 jackals (D:3)
  3 quokkas
  4 frilled lizards
  29 kobolds
  4 rats
199 creatures vanquished.

Vanquished Creatures (others)
  An orc warrior (D:8)
1 creature vanquished.

Grand Total: 200 creatures vanquished

Notes
Turn   | Place    | Note
-------+----------+-------------------------------------------
     0 | D:1      | Dorkslayer the Gargoyle Fighter began the quest for the
                  | Orb.
     0 | D:1      | Reached XP level 1. HP: 14/14 MP: 1/1
   222 | D:1      | Reached XP level 2. HP: 18/19 MP: 2/2
   908 | D:2      | Reached XP level 3. HP: 21/23 MP: 3/3
  1551 | D:3      | Reached XP level 4. HP: 29/29 MP: 4/4
  1657 | D:3      | Noticed Jessica
  1666 | D:3      | Killed Jessica
  2067 | D:3      | Reached skill level 1 in Evocations
  2793 | D:4      | Reached skill level 1 in Dodging
  2793 | D:4      | Reached XP level 5. HP: 26/33 MP: 5/5
  3072 | D:4      | Found a staircase to the Ecumenical Temple.
  3089 | Temple   | Entered the Ecumenical Temple
  3166 | Temple   | Became a worshipper of Gozag Ym Sagoz the Greedy
  3868 | D:5      | Entered Level 5 of the Dungeon
  4097 | D:5      | Reached XP level 6. HP: 34/38 MP: 6/6
  4514 | D:6      | Noticed a black bear
  4534 | D:6      | Reached XP level 7. HP: 42/44 MP: 7/7
  4544 | D:6      | HP: 2/44 [black bear (2)]
  4718 | D:6      | Found an iron altar of Okawaru.
  4718 | D:6      | Noticed Menkaure
  4719 | D:6      | Found a hide-covered altar of Uskayaw.
  4731 | D:6      | Found a sacrificial altar of Ru.
  4739 | D:6      | Noticed a two-headed ogre
  4746 | D:6      | Killed a two-headed ogre
  4747 | D:6      | Reached skill level 5 in Fighting
  4747 | D:6      | Reached skill level 5 in Armour
  4747 | D:6      | Reached skill level 5 in Shields
  4747 | D:6      | Reached XP level 8. HP: 16/49 MP: 8/8
  5509 | D:7      | Noticed Prince Ribbit
  5567 | D:7      | Reached XP level 9. HP: 21/54 MP: 9/9
  5571 | D:7      | Killed Prince Ribbit
  5716 | D:7      | Reached skill level 5 in Evocations
  5734 | D:7      | Noticed Maggie
  5753 | D:7      | Killed Maggie
  5848 | D:7      | Reached skill level 5 in Dodging
  6328 | D:8      | Found a basalt altar of Yredelemnul.
  6335 | D:8      | Found a broken altar of Ashenzari.
  6363 | D:8      | Reached XP level 10. HP: 60/60 MP: 10/10
  6491 | D:8      | Noticed a two-headed ogre
  6523 | D:8      | Killed a two-headed ogre
  6524 | D:8      | Reached skill level 5 in Axes
  6815 | D:8      | Found an ornate altar of the Wu Jian Council.
  7050 | D:9      | Found a shimmering altar of Xom.
  7050 | D:9      | Noticed an angel
  7051 | D:9      | Found a glowing silver altar of Zin.
  7135 | D:9      | Noticed Grum
  7313 | D:9      | Reached XP level 11. HP: 29/67 MP: 11/11
  7395 | D:9      | Found a flagged portal.
  7406 | Bailey   | Entered a bailey
  7544 | Bailey   | Noticed an orc knight
  7578 | Bailey   | Slain by an orc knight

Illustrated notes

Levels and vault maps discovered:
D:1:      lightli_arrival_windingriver, layout_basic, minivault_4,
          nicolae_titane
D:2:      layout_basic, st_stairs_13
D:3:      layout_basic, serial_co_window_serial, co_window_corner_a,
          co_window_paths_a, co_window_paths_a, co_window_of_opportunity_a,
          co_window_corner_a, co_window_corner_a, co_window_corner_a,
          co_window_corner_a, co_window_paths_b, co_window_broadway_b,
          co_window_of_opportunity_c, co_window_of_opportunity_c,
          co_window_paths_c, co_window_of_opportunity_c, co_window_corner_cb,
          co_window_4corner_b, glass_columns_c, glass_columns_b,
          glass_columns_c, glass_columns_a, uniq_jessica
D:4:      minmay_razor_zed, layout_loops_corners, minmay_temple_entry_offerings
D:5:      layout_cave_pods, serial_glass, glass_columns_a, glass_columns_b
D:6:      layout_loops_ring, mainiacjoe_overflow_catwalk,
          nicolae_overflow_hidden_temple, uniq_menkaure
D:7:      layout_cave_pools, uniq_maggie, uniq_prince_ribbit1
D:8:      layout_rooms, mainiacjoe_overflow_big_doors, old_standard_altar
D:9:      layout_roguey, grunt_temple_overflow_order_and_chaos_1,
          enter_bailey_3, uniq_grum
Temple:   nicolae_temple_two_arcs
Bailey:   bailey_axe_3, bailey

Skill      XL: |  1  2  3  4  5  6  7  8  9 10 |
---------------+-------------------------------+-----
Axes           | 2 3 4 5 |  5.7
Evocations     | 1 2 3 4 6 7 |  7.4
Shields        | 4 5 6 7 |  7.3
Dodging        | 1 2 3 4 5 6 |  6.7
Fighting       | 4 5 6 7 |  7.2
Armour         | 4 5 6 7 |  7.3

Action                     |  1- 3 |  4- 6 |  7- 9 | 10-12 || total
---------------------------+-------+-------+-------+-------++-------
  Melee: War axe           |   127 |   178 |   263 |   268 ||   836
  Throw: Javelin           |       |     1 |     3 |    14 ||    18
         Dart              |       |       |       |     8 ||     8
         Boomerang         |       |       |       |     1 ||     1
  Evoke: Wand              |       |       |     7 |     4 ||    11
    Use: Potion            |       |       |     6 |     7 ||    13
         Scroll            |       |       |    10 |    11 ||    21
   Stab: Distracted        |       |       |     1 |     1 ||     2
         Paralysed         |       |       |    13 |       ||    13
 Armour: Scale mail        |    34 |       |       |       ||    34
         Chain mail        |    52 |   116 |    81 |       ||   249
         Plate armour      |       |       |   211 |   248 ||   459
  Dodge: Dodged            |    94 |    77 |   150 |   180 ||   501
  Block: Buckler           |    35 |    33 |   100 |   119 ||   287

Table legend: (Time is in decaauts)
 A = Elapsed time spent in this place.
 B = Non-inter-level travel time spent in this place.
 C = Inter-level travel time spent in this place.
 D = Time resting spent in this place.
 E = Time spent auto-exploring this place.
 F = Levels seen in this place.
 G = Mean time per level.
                   A        B        C        D        E       F      G
               +--------+--------+--------+--------+--------+-----+--------+
         Total |   7855 |   7855 |      0 |    154 |   3498 |  11 |  714.1 |
       Dungeon |   7581 |   7581 |      0 |    154 |   3441 |   9 |  842.3 |
        Temple |     87 |     87 |      0 |      0 |     25 |   1 |   87.0 |
        Bailey |    186 |    186 |      0 |      0 |     32 |   1 |  186.0 |
               +--------+--------+--------+--------+--------+-----+--------+

Top non-repeatable levels by time:
     D:3: 1211 daAuts
     D:4: 1161 daAuts
     D:6: 1034 daAuts
     D:2: 829 daAuts
     D:8: 828 daAuts
     D:7: 768 daAuts
     D:1: 696 daAuts
     D:5: 584 daAuts
     D:9: 467 daAuts
  Bailey: 186 daAuts
  Temple: 87 daAuts
